 Dungeon Crawl Stone Soup version 0.17-a0-1184-gb75be8f (webtiles) character file.

135 mofao the Shooter (level 4, -5/29 HPs)
             Began as a High Elf Hunter on June 1, 2015.
             Slain by Crazy Yiuf
             ... wielding a +3 quarterstaff of chaos
              (8 damage)
             ... on level 2 of the Dungeon.
             The game lasted 00:23:57 (2045 turns).

mofao the Shooter (High Elf Hunter)                 Turns: 2045, Time: 00:24:01

Health: -5/29      AC:  5    Str: 11    XL:     4   Next: 97%
Magic:  4/5        EV: 12    Int: 15    God:
Gold:   201        SH:  0    Dex: 16    Spells: 0 memorised, 3 levels left

rFire  + . .     SeeInvis .     b - +2 shortbow
rCold  . . .     Clarity  .     d - +2 leather armour
rNeg   . . .     SustAt   .     (no shield)
rPois  +         Gourm    .     (no helmet)
rElec  .         Spirit   .     (no cloak)
rCorr  .         Warding  .     (no gloves)
rMut   .         Stasis   .     (no boots)
MR     .....                    (no amulet)
Stlth  ++........               l - ring of protection from fire
                                e - ring of poison resistance

@: not resistant to hostile enchantments, unstealthy
A: no striking features
a: no special abilities


You were on level 2 of the Dungeon.
You were not hungry.

You visited 1 branch of the dungeon, and saw 2 of its levels.

You collected 201 gold pieces.

Inventory:

Hand weapons
 a - a +0 short sword
 b - a +2 shortbow (weapon)
 k - a +0 hand axe
 n - a +0 hand axe
 s - a +0 quarterstaff
Missiles
 c - 40 arrows (quivered)
 o - 8 poisoned needles
Armour
 d - a +2 leather armour (worn)
 q - a +0 cloak
 t - a +0 ring mail
Jewellery
 e - a ring of poison resistance (left hand)
 l - a ring of protection from fire (right hand)
Scrolls
 j - 2 scrolls of teleportation
 v - a scroll of noise
 x - a scroll of recharging {unknown}
Potions
 h - 2 potions of curing
 i - 2 potions of heal wounds {unknown}
 m - a potion of resistance {unknown}
 r - 2 potions of brilliance {unknown}
 u - a potion of poison {unknown}
Comestibles
 f - a slice of pizza
 g - a beef jerky
 p - 2 royal jellies


   Skills:
 + Level 2.0 Fighting
 + Level 7.7 Bows
 + Level 0.8 Armour
 + Level 2.6 Dodging
 + Level 1.8 Stealth


You had 3 spell levels left.
You didn't know any spells.

Dungeon Overview and Level Annotations

Branches:
Dungeon (2/15)

Altars:

Annotations:
D:2 Crazy Yiuf


Message History

You shoot an arrow.
The arrow hits Crazy Yiuf but does no damage.
Crazy Yiuf is severely wounded.
Crazy Yiuf hits you with a quarterstaff of chaos!
You feel your power leaking away.
Firing (i - inventory):
c - 42 arrows (quivered)
Press: ? - help, Shift-Dir - straight line, f/p - Crazy Yiuf
Aim: Crazy Yiuf, wielding a quarterstaff of chaos and wearing a cloak (severely wounded)
You shoot an arrow. The arrow barely misses Crazy Yiuf.
Crazy Yiuf completely misses you.
Firing (i - inventory):
c - 41 arrows (quivered)
Press: ? - help, Shift-Dir - straight line, f/p - Crazy Yiuf
Aim: Crazy Yiuf, wielding a quarterstaff of chaos and wearing a cloak (severely wounded)
You shoot an arrow. The arrow hits Crazy Yiuf.
Crazy Yiuf is severely wounded.
Crazy Yiuf laughs, "Ghoul!
Two song noodlescoop."
Crazy Yiuf hits you with a quarterstaff of chaos!
* * * LOW HITPOINT WARNING * * *
Space warps horribly around you!
You die...

#.#.....†........####***#.#..#
##.######........## #.#..#
..#.## #.........# #.#..#
..##.## #..##.##..#######.#..#
#...#.###....................#
....##.##..################.##
.##...#.#### #.# #####.###
###♣♣♣♣♣ #.# ########
##.#..♣@♣♣♣***** #.#
.......###......♣g.♣*,,,* #.#
...............♣♣♣♣(...(# #.#
.#..........#.♣♣ **#.()# #.#
.#.........##♣♣ **### #.#
.#.........# #.# .#.........#
#.#
..#........################.#
.......####.#...............#


You could see Crazy Yiuf.

Vanquished Creatures
  Jessica (D:2)
  Terence (D:2)
  A gnoll (D:1)
  3 adders (D:2)
  A worm (D:2)
  A giant gecko (D:2)
  3 giant cockroaches (D:2)
  8 goblins
  6 hobgoblins
  A quokka (D:2)
  A giant newt (D:1)
  6 jackals
  5 kobolds
  7 rats
45 creatures vanquished.

Notes
Turn   | Place    | Note
--------------------------------------------------------------
     0 | D:1      | mofao the High Elf Hunter began the quest for the Orb.
     0 | D:1      | Reached XP level 1. HP: 14/14 MP: 2/2
   401 | D:1      | Reached skill level 6 in Bows
   401 | D:1      | Reached XP level 2. HP: 16/19 MP: 3/3
  1095 | D:2      | Reached XP level 3. HP: 24/24 MP: 4/4
  1392 | D:2      | Noticed Jessica
  1396 | D:2      | Killed Jessica
  1396 | D:2      | Reached XP level 4. HP: 29/29 MP: 5/5
  1458 | D:2      | Reached skill level 7 in Bows
  1544 | D:2      | Noticed Terence
  1559 | D:2      | Killed Terence
  2032 | D:2      | Noticed Crazy Yiuf
  2045 | D:2      | Slain by Crazy Yiuf

Vault maps used:
D:1:      minmay_arrival_split_and_join, nrook_loot_triangle, feat_on_display
D:2:      wad_crossroads, kennysheep_generic_room_2, uniq_jessica, uniq_terence,
          uniq_crazy_yiuf_cottage

Action                   |  1- 3 |  4- 6 || total
-------------------------+-------+-------++-------
Melee: Short sword       |     4 |       ||     4
 Fire: Shortbow          |    81 |    70 ||   151
  Use: Scroll            |     5 |     5 ||    10
  Eat: Bread ration      |     1 |       ||     1
